 Dungeon Crawl Stone Soup version 0.20.0-15-g7f486f2 (webtiles) character file.

14087 Turtleman12345 the Carver (level 11, -5/85 HPs)
             Began as a Minotaur Fighter on June 12, 2017.
             Was an Elder of Hepliaklqana.
             Slain by an 11-headed hydra (9 damage)
             ... on level 10 of the Dungeon.
             The game lasted 00:34:13 (9983 turns).

Turtleman12345 the Carver (Minotaur Fighter)        Turns: 9983, Time: 00:34:17

Health: -5/85      AC: 13    Str: 35    XL:     11   Next: 84%
Magic:  11/12      EV: 10    Int:  9    God:    Hepliaklqana [****..]
Gold:   518        SH: 13    Dex:  9    Spells: 10/10 levels left

rFire    . . .     SeeInvis .   y - +5 long sword of Cemyubuff {slice, rPois MR+ Int+4}
rCold    . . .     Gourm    .   c - +0 shield
rNeg     . . .     Faith    .   D - +1 chain mail of Contentment {-Tele MR+++ Str+9 Stlth-}
rPois    +         Spirit   .   (helmet restricted)
rElec    +         Reflect  .   E - scarf {repulsion}
rCorr    .         Harm     .   X - +0 pair of gloves
MR       ++++.     NoTele   +   (no boots)
Stlth    ..........             U - amulet of magic regeneration
Regen    0.3/turn               v - +3 ring of protection
MPRegen  0.2/turn               a - +3 ring of strength

@: repel missiles
A: retaliatory headbutt, reduced essence, hooves 1, horns 2, deformed body,
electricity resistance, weak 1
a: Recall Ancestor, Ancestor Identity, Transference, Idealise, Renounce Religion


You were on level 10 of the Dungeon.
You worshipped Hepliaklqana.
Hepliaklqana was greatly pleased with you.
You were not hungry.

You visited 1 branch of the dungeon, and saw 13 of its levels.
You also visited: Sewer and Bailey.

You collected 578 gold pieces.
You spent 60 gold pieces at shops.

Inventory:

Hand Weapons
 y - the +5 long sword of Cemyubuff (weapon) {slice, rPois MR+ Int+4}
   (You found it on level 4 of the Dungeon)

   It inflicts extra damage upon your enemies.
   It affects your intelligence (+4).
   It protects you from poison.
   It affects your resistance to hostile enchantments.
Missiles
 K - 29 tomahawks of returning (quivered)
Armour
 c - a +0 shield (worn)
 k - a +1 cloak
 r - a +0 large shield
 D - the +1 chain mail of Contentment (worn) {-Tele MR+++ Str+9 Stlth-}
   (You found it on level 6 of the Dungeon)

   It affects your strength (+9).
   It affects your resistance to hostile enchantments.
   It prevents most forms of teleportation.
   It makes you less stealthy.
 E - a scarf of repulsion (worn)
 I - a cursed +0 plate armour
 X - a +0 pair of gloves (worn)
Magical Staves
 V - an uncursed staff of power {unknown}
Jewellery
 a - a +3 ring of strength (right hand)
 g - a +4 ring of dexterity {unknown}
 v - a +3 ring of protection (left hand)
 w - an uncursed ring of fire
 R - a +6 ring of intelligence
 U - an amulet of magic regeneration (around neck)
Wands
 i - a wand of acid (6/15)
 z - a wand of polymorph (6/24)
 J - a wand of disintegration (13/24)
 Z - a wand of digging (13/24)
Scrolls
 h - a scroll of recharging {unknown}
 j - 5 scrolls of remove curse
 l - 2 scrolls of amnesia
 m - 8 scrolls of teleportation
 t - 4 scrolls of immolation {unknown}
 u - 2 scrolls of enchant weapon
 x - a scroll of random uselessness {unknown}
 B - a scroll of fear {unknown}
 C - a scroll of noise {unknown}
 G - 2 scrolls of enchant armour
 L - a scroll of blinking {unknown}
 O - 2 scrolls of acquirement {unknown}
Potions
 d - 4 potions of might
 e - a potion of berserk rage
 o - 4 potions of brilliance {unknown}
 p - 5 potions of curing
 A - 3 potions of magic
 F - a potion of heal wounds
 H - a potion of flight {unknown}
 M - 3 potions of resistance {unknown}
 N - a potion of haste
 S - 2 potions of invisibility {unknown}
 T - a potion of cancellation
Books
 P - Bamaq's Tome of Glacial Poisoning
   (You found it in a bailey)

   Spells                             Type                      Level
   a - Freeze                         Ice                          1
   b - Mephitic Cloud                 Conjuration/Poison/Air       3
   c - Freezing Cloud                 Conjuration/Ice/Air          6
   d - Simulacrum                     Ice/Necromancy               6
Comestibles
 b - 2 chunks of flesh
 f - 11 bread rations
 n - 6 meat rations
 q - 5 fruits
 s - 7 royal jellies


   Skills:
 + Level 8.4 Fighting
 + Level 12.2 Long Blades
   Level 5.2 Axes
 + Level 4.5 Throwing
 + Level 10.0 Armour
 + Level 4.4 Dodging
 - Level 1.2 Stealth
 + Level 10.9 Shields
 + Level 3.2 Invocations
 + Level 3.7 Evocations


You had 10 spell levels left.
You didn't know any spells.

Dungeon Overview and Level Annotations

Branches:
Dungeon (13/15)            Temple (0/1) D:7             Orc (0/2) D:12
   Lair: D:8-11      Vaults: D:13-14

Altars:
Hepliaklqana
Okawaru
Sif Muna
Trog
Jiyva

Shops:
D:4 *   D:5 (   D:7 *   D:11 }

Annotations:
D:13 Nessos


Innate Abilities, Weirdness & Mutations

You reflexively headbutt those who attack you in melee.
You have a pair of horns on your head.
Your life essence is reduced. (-10% HP)
You have large cloven feet.
Armour fits poorly on your strangely shaped body.
You are resistant to electric shocks. (rElec)
You are weak. (Str -2)


Message History

* * * LOW HITPOINT WARNING * * *
You block the ten-headed hydra's attack.
The ten-headed hydra bites you but does no damage.
The hound skeleton bites Leofdaeg but does no damage.
The big kobold hits Leofdaeg.
The orc priest closely misses Leofdaeg.
A freezing wraith comes into view.
You slice one of the ten-headed hydra's heads off!
The nine-headed hydra grows two more!
You slash the 11-headed hydra!
The 11-headed hydra is severely wounded.
Something hits you but does no damage.
The hound skeleton bites Leofdaeg.
Leofdaeg closely misses the hound skeleton.
You block the 11-headed hydra's attack. x3; The 11-headed hydra bites you!
* * * LOW HITPOINT WARNING * * *
The 11-headed hydra bites you!
* * * LOW HITPOINT WARNING * * *
The 11-headed hydra closely misses you. You block the 11-headed hydra's attack.
The 11-headed hydra closely misses you.
The 11-headed hydra bites you but does no damage.
The 11-headed hydra bites you!
You die...

#...........# #.
#.....####..# #.
#.....# #..#
#.#####.....####..# ##
#.............##..# ...
#.................#
#..#........###.###..##
#.........## #..##..#
#...@...## ##.##..
####D#### .##. .
#..Z..# #.
....#.#R..#.# #.
......GoK..# ..
###.#...#.## .#.
...#.....# #.#. ...
###W### . #. .. #.# .#
..


You could see the friendly Leofdaeg the battlemage, a 11-headed hydra, a
freezing wraith, an eye of draining, a big kobold, an orc priest and a hound
skeleton.

Vanquished Creatures
  An orc warlord (Bailey)
  A two-headed ogre (D:8)
  An ugly thing (D:12)
  Maurice (D:13)
  A centaur zombie (D:13)
  The ghost of greprep the Cudgeler, a novice MiFi of Okawaru (D:6)
  A gargoyle (D:12)
  2 trolls (D:11)
  2 hippogriffs
  The ghost of miragecloak the Insei, an amateur OpTm of Ashenzari (D:5)
  A vampire (D:12)
  2 wraiths
  8 humans
  3 hogs (D:8)
  A yak (D:8)
  2 hungry ghosts
  Grum (D:9)
  3 vampire mosquitoes (D:12)
  A water moccasin (D:11)
  2 orc warriors (Bailey)
  A sky beast (D:12)
  A black bear (D:9)
  2 eyes of draining
  A phantom (D:4)
  A wolf (D:9)
  An ogre (D:12)
  3 centaurs
  A crocodile (D:13)
  7 big kobolds
  2 gnoll sergeants (D:9)
  4 bullfrogs
  2 scorpions
  The ghost of grindst0ne the Shooter, a weakling CeHu (D:3)
  4 killer bees (D:9)
  2 howler monkeys
  5 wights
  An electric eel (D:9)
  A crimson imp (D:6)
  3 orc priests
  11 hounds
  A jelly (D:12)
  A centaur skeleton (D:9)
  A gnoll shaman (D:9)
  Crazy Yiuf (D:2)
  4 iguanas
  3 orc wizards
  8 worker ants
  A killer bee zombie (D:7)
  A hound skeleton (D:8)
  7 gnolls (D:9)
  5 adders
  A river rat (Sewer)
  4 shadow imps
  3 oozes
  An adder zombie (D:5)
  An adder skeleton (D:7)
  5 worms
  A dart slug (D:1)
  9 leopard geckos
  18 orcs
  7 giant cockroaches
  15 goblins
  10 hobgoblins
  9 jackals
  5 quokkas
  6 ball pythons
  6 bats
  8 frilled lizards
  28 kobolds
  A quokka zombie (D:6)
  11 rats
272 creatures vanquished.

Vanquished Creatures (collateral kills)
  Erica (D:11)
  An ugly thing (D:11)
  2 hippogriffs
  A hungry ghost (D:9)
  Menkaure (D:5)
  An orc warrior (D:10)
  4 big kobolds
  A gnoll sergeant (D:9)
  2 bullfrogs
  An electric eel (D:9)
  A crimson imp (D:6)
  2 hounds
  An orc wizard (D:11)
  An iguana (D:11)
  2 worker ants
  3 gnolls (D:9)
  An adder (D:8)
  An ooze (Sewer)
  A leopard gecko (D:5)
  4 orcs
  2 giant cockroaches
  A hobgoblin (Bailey)
  12 kobolds
47 creatures vanquished.

Vanquished Creatures (others)
  A wizard (D:13)
  A battlemage (D:13)
2 creatures vanquished.

Grand Total: 321 creatures vanquished

Notes
Turn   | Place    | Note
-------+----------+-------------------------------------------
     0 | D:1      | Turtleman12345 the Minotaur Fighter began the quest for the Orb.
     0 | D:1      | Reached XP level 1. HP: 19/19 MP: 0/0
   148 | D:1      | Reached XP level 2. HP: 21/27 MP: 1/1
   750 | D:1      | Reached XP level 3. HP: 33/33 MP: 2/2
   844 | D:1      | Found a viscous altar of Jiyva.
  1315 | D:2      | Reached XP level 4. HP: 40/40 MP: 3/3
  1365 | D:2      | Reached skill level 1 in Dodging
  1402 | D:2      | Found a runed door.
  1406 | D:2      | Noticed Crazy Yiuf
  1415 | D:2      | HP: 3/60 [Crazy Yiuf/quarterstaff of chaos (1)]
  1426 | D:2      | Killed Crazy Yiuf
  1995 | D:3      | Found a deep blue altar of Sif Muna.
  1998 | D:3      | Noticed grindst0ne's ghost (weakling CeHu)
  2007 | D:3      | Killed grindst0ne's ghost
  2007 | D:3      | Reached XP level 5. HP: 16/46 MP: 4/4
  2297 | D:3      | Found a hazy altar of Hepliaklqana.
  2305 | D:3      | Became a worshipper of Hepliaklqana the Forgotten
  2334 | D:3      | Gained mutation: You evolve. [potion of mutation]
  2334 | D:3      | Gained mutation: Your magical capacity is low. (-10% MP) [potion of mutation]
  2334 | D:3      | Gained mutation: You are partially covered in icy blue scales. (AC +2) [potion of mutation]
  2886 | D:4      | Reached skill level 5 in Armour
  3010 | D:4      | Found Cifeth's Assorted Antiques.
  3082 | D:4      | Reached XP level 6. HP: 47/47 MP: 4/4
  3110 | D:4      | Reached skill level 5 in Axes
  3337 | D:4      | Got an iridescent long sword
  3344 | D:4      | Identified the +5 long sword of Cemyubuff {slice, rPois MR+ Int+4} (You found it on level 4 of the Dungeon)
  3425 | D:5      | Entered Level 5 of the Dungeon
  3494 | D:5      | Found a glowing drain.
  3510 | Sewer    | Entered a sewer
  3512 | Sewer    | Reached * piety under Hepliaklqana
  3553 | Sewer    | Reached skill level 1 in Long Blades
  3553 | Sewer    | Reached skill level 5 in Shields
  3553 | Sewer    | Reached XP level 7. HP: 53/54 MP: 5/5
  3597 | Sewer    | Reached skill level 2 in Long Blades
  3806 | Sewer    | Reached skill level 3 in Long Blades
  3965 | Sewer    | Reached skill level 4 in Long Blades
  3978 | Sewer    | Reached skill level 1 in Stealth
  3985 | Sewer    | Reached skill level 5 in Fighting
  3985 | Sewer    | Reached XP level 8. HP: 55/61 MP: 6/6
  4025 | D:5      | Found Roukung's Weapon Shoppe.
  4045 | D:5      | Noticed miragecloak's ghost (amateur OpTm)
  4050 | D:5      | Killed miragecloak's ghost
  4050 | D:5      | Reached skill level 5 in Long Blades
  4095 | D:5      | Found a bloodstained altar of Trog.
  4095 | D:5      | Noticed Menkaure
  4110 | D:5      | Killed Menkaure
  4110 | D:5      | Reached skill level 6 in Long Blades
  4499 | D:6      | Noticed greprep's ghost (novice MiFi)
  4520 | D:6      | Killed greprep's ghost
  4520 | D:6      | Reached skill level 7 in Long Blades
  4555 | D:6      | Got a faintly humming chain mail
  4566 | D:6      | Identified the +1 chain mail of Contentment {-Tele MR+++ Str+9 Stlth-} (You found it on level 6 of the Dungeon)
  4725 | D:6      | Reached skill level 8 in Long Blades
  4765 | D:6      | Reached XP level 9. HP: 66/66 MP: 7/7
  4829 | D:6      | Found an iron altar of Okawaru.
  5003 | D:7      | Reached ** piety under Hepliaklqana
  5004 | D:7      | Remembered your ancestor Leofdaeg as a battlemage
  5155 | D:7      | Found a staircase to the Ecumenical Temple.
  5607 | D:7      | Found Adoyk's General Store.
  5612 | D:7      | Bought a potion of heal wounds for 60 gold pieces
  6035 | D:8      | Found a flagged portal.
  6047 | Bailey   | Entered a bailey
  6052 | Bailey   | Noticed an orc warlord
  6112 | Bailey   | Reached skill level 9 in Long Blades
  6132 | Bailey   | Found a runed gate.
  6133 | Bailey   | Found a runed gate.
  6139 | Bailey   | Found a runed gate.
  6155 | Bailey   | Reached skill level 1 in Throwing
  6260 | Bailey   | Killed an orc warlord
  6260 | Bailey   | Reached skill level 10 in Long Blades
  6279 | Bailey   | Identified Bamaq's Tome of Glacial Poisoning
  6599 | D:8      | Noticed a two-headed ogre
  6604 | D:8      | Killed a two-headed ogre
  6604 | D:8      | Reached XP level 10. HP: 74/75 MP: 8/8
  6617 | D:8      | Reached *** piety under Hepliaklqana
  7013 | D:9      | Lost mutation: You evolve. [potion of mutation]
  7013 | D:9      | Lost mutation: Your magical capacity is low. (-10% MP) [potion of mutation]
  7013 | D:9      | Lost mutation: You are partially covered in icy blue scales. (AC +2) [potion of mutation]
  7013 | D:9      | Gained mutation: You are resistant to electric shocks. (rElec) [potion of mutation]
  7013 | D:9      | Gained mutation: You are weak. (Str -2) [potion of mutation]
  7013 | D:9      | Gained mutation: Armour fits poorly on your strangely shaped body. [potion of mutation]
  7013 | D:9      | Gained mutation: You have large cloven feet. [potion of mutation]
  7263 | D:9      | Reached skill level 11 in Long Blades
  7263 | D:9      | Reached skill level 1 in Invocations
  7362 | D:9      | Reached skill level 1 in Evocations
  7450 | D:9      | Noticed Grum
  7455 | D:9      | Killed Grum
  7529 | D:9      | You fall through a shaft for 3 floors!
  7549 | D:12     | Noticed a gargoyle
  7560 | D:12     | Killed a gargoyle
  7745 | D:12     | Found a staircase to the Orcish Mines.
  7888 | D:12     | Noticed a green ugly thing
  7898 | D:12     | Killed a green ugly thing
  7898 | D:12     | Reached skill level 10 in Shields
  7898 | D:12     | Reached XP level 11. HP: 79/82 MP: 11/11
  8372 | D:12     | Reached **** piety under Hepliaklqana
  8781 | D:13     | Noticed Maurice
  8791 | D:13     | Killed Maurice
  8841 | D:13     | Noticed a wizard
  8849 | D:13     | Noticed a wizard
  8850 | D:13     | Noticed a wizard
  8855 | D:13     | Noticed a necromancer
  8862 | D:13     | Killed a wizard
  8874 | D:13     | Noticed Nessos
  9230 | D:11     | Noticed a brown ugly thing
  9235 | D:11     | Killed a brown ugly thing
  9601 | D:11     | Noticed Erica
  9612 | D:11     | Killed Erica
  9612 | D:11     | Reached skill level 12 in Long Blades
  9707 | D:11     | Found Ileath's Quality Used Wands.
  9865 | D:10     | Entered Level 10 of the Dungeon
  9938 | D:10     | Reached skill level 10 in Armour
  9967 | D:10     | Noticed a six-headed hydra
  9983 | D:10     | HP: 4/85 [11-headed hydra (7)]
  9983 | D:10     | Slain by an 11-headed hydra

Skill      XL: |  1  2  3  4  5  6  7  8  9 10 11 |
---------------+----------------------------------+-----
Armour         | 4 5 6 7 8 10 | 10.0
Axes           | 3 4 5 |  5.2
Fighting       | 4 5 6 7 8 |  8.4
Dodging        | 1 2 3 4 |  4.4
Shields        | 4 5 6 8 10 | 10.9
Long Blades    | 1 4 8 10 11 12 | 12.2
Stealth        | 1 |  1.2
Throwing       | 3 4 |  4.5
Invocations    | 2 3 |  3.2
Evocations     | 1 3 |  3.7

Action                   |  1- 3 |  4- 6 |  7- 9 | 10-12 || total
-------------------------+-------+-------+-------+-------++-------
Melee: War axe           |   118 |   111 |       |       ||   229
       Headbutt          |    19 |    17 |    42 |    74 ||   152
       Long sword        |       |    22 |   235 |   324 ||   581
       Kick              |       |       |       |    10 ||    10
Throw: Tomahawk          |       |       |     7 |       ||     7
Invok: Ancestor Life: Ba |       |       |     1 |       ||     1
       Recall Ancestor   |       |       |       |     1 ||     1
  Use: Potion            |       |     7 |       |     6 ||    13
       Scroll            |       |     4 |     7 |     2 ||    13
 Stab: Distracted        |       |       |     2 |     2 ||     4
  Eat: Chunk             |     1 |     6 |    11 |    14 ||    32
       Fruit             |       |     2 |       |       ||     2
Armor: Scale mail        |    51 |    80 |    36 |       ||   167
       Skin              |       |     5 |       |       ||     5
       Chain mail        |       |       |    38 |   163 ||   201
Dodge: Dodged            |    30 |    43 |    71 |   123 ||   267
Block: Shield            |    54 |    83 |   140 |   192 ||   469
       Large shield      |     5 |       |       |       ||     5
       Rpst.: Long sword |       |     1 |    19 |    31 ||    51
